 Dungeon Crawl Stone Soup version 0.30-a0-585-g93115170b9 (webtiles) character file.

Game seed: 16812286344495825901

851 wormed the Slasher (level 7, -1/60 HPs)
             Began as a Demigod Gladiator on Jan 2, 2023.
             Slain by a killer bee (6 damage)
             ... on level 4 of the Dungeon.
             The game lasted 00:05:34 (3310 turns).

wormed the Slasher (Demigod Gladiator)              Turns: 3310, Time: 00:05:35

Health: -1/60      AC:  5    Str: 15    XL:     7   Next: 41%
Magic:  9/9        EV: 16    Int: 10    God:
Gold:   262        SH:  0    Dex: 29    Spells: 6/6 levels left

rFire   . . .      SeeInvis .    B - +0 great sword
rCold   + . .      Faith    .    (shield currently unavailable)
rNeg    . . .      Spirit   .    b - +0 leather armour
rPois   .          Reflect  .    c - +0 helmet
rElec   .          Harm     .    (no cloak)
rCorr   .          Rampage  .    A - +0 pair of gloves
Will    .....                    (no boots)
Stlth   ++                       k - amulet of regeneration
HPRegen 1.10/turn                l - ring of protection from cold
MPRegen 0.11/turn                u - +6 ring of dexterity

@: lethally poisoned (-1 -> -1), studying Unarmed Combat
A: high MP 1, forlorn, divine attributes
a: no special abilities


You were on level 4 of the Dungeon.
You visited 1 branch of the dungeon, and saw 5 of its levels.

You collected 262 gold pieces.

Inventory:

Hand Weapons
 a - a +1 long sword
 B - a +0 great sword (weapon)
Missiles
 d - 2 throwing nets (quivered)
 e - 5 javelins
Armour
 b - a +0 leather armour (worn)
 c - a +0 helmet (worn)
 A - a +0 pair of gloves (worn)
Jewellery
 k - an amulet of regeneration (around neck)
 l - a ring of protection from cold (left hand)
 n - a +6 ring of strength
 u - a +6 ring of dexterity (right hand)
Wands
 f - a wand of charming (6)
 r - a wand of acid (4)
 v - a wand of roots (10)
Scrolls
 m - 2 scrolls of noise
 s - 2 scrolls of teleportation
 x - a scroll of blinking {unknown}
 y - a scroll of vulnerability {unknown}
Potions
 g - a potion of attraction
 h - 2 potions of brilliance
 i - a potion of flight {unknown}
 j - 2 potions of might {unknown}
 o - a potion of lignification {unknown}
 p - a potion of haste {unknown}
 q - a potion of invisibility {unknown}
 t - 2 potions of mutation {unknown}
 w - a potion of ambrosia {unknown}
 z - a potion of resistance {unknown}


   Skills:
 + Level 4.5 Fighting
 * Level 5.9 Long Blades
 - Level 1.7 Throwing
 + Level 4.9 Dodging


You had 6 spell levels left.
You didn't know any spells.
Your spell library contained the following spells:

 Spells                   Type           Power      Damage    Failure   Level
 Summon Forest            Summ/Tloc      0%         N/A       100%        5
 Eringya's Noxious Bog    Tmut/Pois      0%         N/A       100%        6
 Summon Hydra             Summ           0%         N/A       100%        7


Dungeon Overview and Level Annotations

Branches:
Dungeon (5/15)
 Temple: D:4-7

Annotations:
D:4 Edmund


Innate Abilities, Weirdness & Mutations

You have an increased reservoir of magic. (+10% MP)
You shall have no god before yourself.
Your divine heritage dramatically boosts your attributes as you level up.


Message History

You feel sick.
You are no longer poisoned.
The killer bee barely misses you. The killer bee stings you. x2
* * * LOW HITPOINT WARNING * * *
You miss the killer bee. The killer bee completely misses you.
The killer bee misses you. The killer bee stings you.
* * * LOW HITPOINT WARNING * * *
You barely miss the killer bee. The killer bee misses you.
The killer bee barely misses you. The killer bee stings you!
* * * LOW HITPOINT WARNING * * *
Press: ? - help, v - describe, . - travel
Here: a killer bee The floor.
Aiming: Corrosive Bolt
Press: ? - help, Shift-Dir - straight line, f - killer bee
Aim: a killer bee (43% to hit)
The bolt of acid misses the killer bee.
The killer bee closely misses you. The killer bee barely misses you.
Aiming: Corrosive Bolt
Press: ? - help, Shift-Dir - straight line, f/p - killer bee
Aim: a killer bee (43% to hit)
The bolt of acid hits the killer bee!
The acid corrodes the killer bee!
The killer bee is severely wounded.
The killer bee stings you.
* * * LOW HITPOINT WARNING * * *
You are poisoned.
The killer bee poisons you! The killer bee closely misses you.
Aiming: Corrosive Bolt
Press: ? - help, Shift-Dir - straight line, f/p - killer bee
Aim: a killer bee (severely wounded, covered in acid, 43% to hit)
The bolt of acid misses the killer bee.
You feel sick. The killer bee stings you.
* * * LOW HITPOINT WARNING * * *
The killer bee completely misses you.
Aiming: Corrosive Bolt
Press: ? - help, Shift-Dir - straight line, f/p - killer bee
Aim: a killer bee (severely wounded, covered in acid, 43% to hit)
The bolt of acid misses the killer bee.
You feel sick. The killer bee stings you.
You die...

......# #..... .....#
#....##. # #.#..#
#...... #.##.#..# #...#
.......# #...##### #
#....######...#....
###.##..................
(.....?.................
#####.@#............†..
#.y########...#.##.
....# #...#.... #.##.##
#...##### # #. #...# ..
#...# ## #...# #...#####
##.##....


You could see a killer bee (corroded).

Vanquished Creatures
  An ice beast (D:5)
  A black bear (D:5)
  A phantom (D:4)
  A scorpion (D:5)
  A necrophage (D:5)
  3 killer bees (D:4)
  An orc priest (D:5)
  2 hounds
  3 iguanas (D:5)
  Ijyb (D:5)
  3 adders
  3 gnolls (D:3)
  4 dart slugs
  2 orcs
  15 endoplasms
  4 giant cockroaches
  3 goblins
  3 hobgoblins (D:1)
  13 jackals
  8 kobolds
  3 quokkas
  3 ball pythons
  5 bats
  3 frilled lizards
  7 rats
94 creatures vanquished.

Notes
Turn   | Place    | Note
-------+----------+-------------------------------------------
     0 | D:1      | wormed the Demigod Gladiator began the quest for the Orb.
     0 | D:1      | Reached XP level 1. HP: 17/17 MP: 3/3
   289 | D:1      | Reached XP level 2. HP: 24/24 MP: 4/4
   329 | D:1      | Reached skill level 3 in Long Blades
   935 | D:2      | Reached XP level 3. HP: 28/30 MP: 5/5
  1546 | D:3      | Reached XP level 4. HP: 37/37 MP: 6/6
  2468 | D:4      | Noticed a phantom
  2469 | D:4      | Noticed Edmund
  2482 | D:4      | Killed a phantom
  2483 | D:4      | Reached skill level 4 in Long Blades
  2483 | D:4      | Reached XP level 5. HP: 45/45 MP: 7/7
  2533 | D:5      | Entered Level 5 of the Dungeon
  2533 | D:5      | Noticed Ijyb
  2545 | D:5      | Killed Ijyb
  2659 | D:5      | Reached XP level 6. HP: 48/51 MP: 8/8
  2927 | D:5      | Reached skill level 5 in Long Blades
  3041 | D:5      | Reached XP level 7. HP: 54/59 MP: 9/9
  3310 | D:4      | Slain by a killer bee

Illustrated notes

Levels and vault maps discovered:
D:1:      lemuel_arrival_tunnels, layout_rooms, minmay_splitting_lines,
          bh_walls_and_bars
D:2:      layout_basic
D:3:      layout_loops_ring, minmay_cut_off
D:4:      layout_loops_cross, uniq_edmund
D:5:      nicolae_BIG_FREAKIN_CUBE, layout_loops_ring, uniq_ijyb

Skill      XL: |  1  2  3  4  5  6 |
---------------+-------------------+-----
Fighting       | 2 3 4 |  4.5
Long Blades    | 3 4 5 |  5.9
Dodging        | 3 4 |  4.9
Throwing       | |  1.7

Action                   |  1- 3 |  4- 6 |  7- 9 || total
-------------------------+-------+-------+-------++-------
Melee: Long sword        |   121 |   145 |     8 ||   274
       Punch             |     1 |     2 |       ||     3
       Great sword       |       |       |    13 ||    13
Throw: Throwing net      |       |     1 |       ||     1
Evoke: Wand              |       |       |     4 ||     4
  Use: Scroll            |     8 |     2 |       ||    10
       Potion            |       |     4 |       ||     4
 Stab: Sleeping          |     1 |     3 |       ||     4
       Distracted        |     1 |     1 |       ||     2
Armor: Leather armour    |    43 |    26 |     4 ||    73
Dodge: Dodged            |    80 |   106 |    46 ||   232

Table legend: (Time is in decaauts)
 A = Elapsed time spent in this place.
 B = Non-inter-level travel time spent in this place.
 C = Inter-level travel time spent in this place.
 D = Time resting spent in this place.
 E = Time spent auto-exploring this place.
 F = Levels seen in this place.
 G = Mean time per level.
                   A        B        C        D        E       F      G
               +--------+--------+--------+--------+--------+-----+--------+
         Total |   3372 |   3275 |     97 |      7 |   2412 |   5 |  674.4 |
       Dungeon |   3372 |   3275 |     97 |      7 |   2412 |   5 |  674.4 |
               +--------+--------+--------+--------+--------+-----+--------+

Top non-repeatable levels by time:
     D:1: 883 daAuts
     D:3: 717 daAuts
     D:5: 706 daAuts
     D:2: 676 daAuts
     D:4: 388 daAuts
